cohdb
Replays
Latest Replays
All Replays
Popular Replays
Top Player Replays
Match Explorer
How It Works
Community
CoH3 Stats
Reddit
Sign in to upload your games and track your stats! →
Sign in with Steam
Match 43362227
Unlisted
Match 43362227
Overview
Messages
Build Orders
End
Construct Infanterie Kompanie
Selects Italian Coastal Battlegroup
Selects Coastal Reserves
Coastal Reserve
MG 42 Machine Gun Team
Grenadier Squad
GrW 34 Mortar Team
Selects Artillery Officer
Artillery Officer
Construct Panzergrenadier Kompanie
251 Medium Carrier
Pioneer Squad
Artillery Officer
MG 42 Bunker
Construct Panzer Kompanie
Selects Obice da 210/22 Artillery Emplacement
MG 42 Bunker
251 Medium Carrier
Pioneer Squad
Selects Support Bunkers
Selects Designated Artillery Overwatch
Selects Bulwark
Designated Artillery Overwatch
Construct Luftwaffe Kompanie
Jäger Squad
Jäger Squad
Jäger Squad
Jäger Squad
IondinVale
jokkepappa18
马癫疯
egor.dehisov.1999
tkech
Tok3n x Operator
Dynamite Chili
TIAN
0
0
Comments
sign in to comment!
No comments posted yet!